 Dungeon Crawl Stone Soup version 0.28-a0-381-g937acc2988 (webtiles) character file.

Game seed: 15940287119525254812

162 speeev33 the Skirmisher (level 5, -5/48 HPs)
             Began as a Hill Orc Fighter on Sept 2, 2021.
             Slain by a gnoll (13 damage)
             ... on level 3 of the Dungeon.
             The game lasted 00:02:53 (2920 turns).

speeev33 the Skirmisher (Hill Orc Fighter)          Turns: 2920, Time: 00:02:54

Health: -5/48      AC: 12    Str: 20    XL:     5   Next: 43%
Magic:  5/5        EV: 11    Int:  8    God:
Gold:   125        SH:  4    Dex: 10    Spells: 4/4 levels left

rFire   . . .      SeeInvis .   a - +0 war axe
rCold   . . .      Faith    .   c - +0 buckler
rNeg    . . .      Spirit   .   o - +0 chain mail
rPois   .          Reflect  .   (no helmet)
rElec   .          Harm     .   m - +2 cloak {rCorr}
rCorr   +          Rampage  .   (no gloves)
Will    .....                   (no boots)
Stlth   ..........              (no amulet)
HPRegen 0.16/turn               j - +4 ring of evasion
MPRegen 0.09/turn               (no ring)

@: no status effects
A: no striking features
a: no special abilities


You were on level 3 of the Dungeon.
You visited 1 branch of the dungeon, and saw 3 of its levels.

You collected 125 gold pieces.

Inventory:

Hand Weapons
 a - a +0 war axe (weapon)
Missiles
 f - 33 poisoned darts (quivered)
Armour
 c - a +0 buckler (worn)
 m - a +2 cloak of preservation (worn)
 o - a +0 chain mail (worn)
Jewellery
 j - a +4 ring of evasion (left hand)
Scrolls
 e - a scroll of teleportation {unknown}
 g - a scroll of vulnerability {unknown}
 i - a scroll of identify {unknown}
 l - a scroll of immolation {unknown}
Potions
 d - a potion of curing
 h - 2 potions of degeneration {unknown}
 k - a potion of magic {unknown}
 n - a potion of heal wounds {unknown}


   Skills:
 + Level 5.0 Fighting
 + Level 4.6 Axes
 - Level 3.2 Armour
 + Level 4.6 Shields


You had 4 spell levels left.
You didn't know any spells.
Your spell library contained the following spells:

 Spells                   Type           Power      Damage    Failure   Level
 Ensorcelled Hibernation  Hex/Ice        0%         N/A       100%        2
 Spider Form              Tmut/Pois      0%         N/A       100%        3


Dungeon Overview and Level Annotations

Branches:
Dungeon (3/15)

Altars:
Uskayaw
Yredelemnul

Shops:
D:2 !


Message History

Your chain mail prevents you from hitting the gnoll.
The gnoll is severely wounded.
You hit the gnoll.
A gnoll comes into view. It is wielding a +0 spear.
The gnoll hits you with a +0 whip. The gnoll misses you.
You closely miss the gnoll.
The gnoll is severely wounded.
You closely miss the gnoll. The gnoll closely misses you.
The gnoll barely misses you.
You barely miss the gnoll.
The gnoll is severely wounded.
You hit the gnoll.
You kill the gnoll!
The gnoll hits you with a +0 spear.
You barely miss the gnoll.
The gnoll is severely wounded.
You block the gnoll's attack.
You hit the gnoll.
You kill the gnoll!
A gnoll comes into view. It is wielding a +0 halberd.
A gnoll comes into view. It is wielding a +0 club.
The gnoll hits you but does no damage.
Things that are here:
a +0 spear; a gnoll corpse An orc comes into view.
It is wielding a +0 mace.
You block the gnoll's attack.
Unknown command.
You closely miss the gnoll. You block the gnoll's attack.
The gnoll hits you from afar with a +0 halberd.
* * * LOW HITPOINT WARNING * * *
You slash the gnoll!
The gnoll is severely wounded.
The gnoll hits you with a +0 spear.
* * * LOW HITPOINT WARNING * * *
The gnoll closely misses you. The gnoll hits you with a +0 club.
* * * LOW HITPOINT WARNING * * *
The gnoll barely misses you.
It was a potion of curing.
You feel better.
The gnoll hits you from afar with a +0 halberd!
You die...

. .. ...#######
######### .......
........# o...#
⌠......⌠+.#####..#
.._.._..#
...##.@###... ⌠......⌠
.##.##)ggg..# ######
.#...))#.......
##....##
.#..######..###
#......##.#..######..#
##....##..#..........#
.#8..8#...#...########
.†...........<..#
.##.###.......###


You could see 3 gnolls and an orc.

Vanquished Creatures
  Crazy Yiuf (D:2)
  Terence (D:2)
  5 gnolls
  An adder (D:2)
  4 dart slugs (D:1)
  An orc (D:3)
  2 endoplasms (D:1)
  4 giant cockroaches
  4 goblins
  3 hobgoblins (D:1)
  4 jackals (D:2)
  3 kobolds
  A quokka (D:3)
  3 ball pythons
  5 bats
  2 frilled lizards
  2 rats
46 creatures vanquished.

Notes
Turn   | Place    | Note
-------+----------+-------------------------------------------
     0 | D:1      | speeev33 the Hill Orc Fighter began the quest for the Orb.
     0 | D:1      | Reached XP level 1. HP: 19/19 MP: 1/1
   139 | D:1      | Reached XP level 2. HP: 24/27 MP: 2/2
   253 | D:1      | Reached skill level 4 in Fighting
   260 | D:1      | Reached XP level 3. HP: 16/33 MP: 3/3
  1009 | D:2      | Noticed Terence
  1024 | D:2      | Killed Terence
  1025 | D:2      | Reached XP level 4. HP: 7/41 MP: 4/4
  1484 | D:2      | Found a faded altar of an unknown god.
  2085 | D:2      | Found Qiejiyn's Distillery.
  2264 | D:2      | Found a runed translucent door.
  2265 | D:2      | Noticed Crazy Yiuf
  2558 | D:2      | Killed Crazy Yiuf
  2559 | D:2      | Reached XP level 5. HP: 26/47 MP: 5/5
  2816 | D:3      | Found a hide-covered altar of Uskayaw.
  2818 | D:3      | Found a basalt altar of Yredelemnul.
  2908 | D:3      | Reached skill level 5 in Fighting
  2920 | D:3      | Slain by a gnoll

Illustrated notes

Levels and vault maps discovered:
D:1:      minmay_arrival_arboretum_small, layout_basic, minmay_fountain_box,
          serial_bayou_pond_d, minmay_domino_2
D:2:      layout_basic, hellmonk_ecumenical_altar_crossroads, serial_shops,
          nicolae_shop_crystal, uniq_terence, uniq_crazy_yiuf_cottage
D:3:      layout_basic, jmf_multi_god_temple, uniq_grinder

Skill      XL: |  1  2  3  4  5 |
---------------+----------------+-----
Axes           | 3 4 |  4.6
Fighting       | 4 5 |  5.0
Shields        | 4 |  4.6
Armour         | |  3.2

Action                   |  1- 3 |  4- 6 || total
-------------------------+-------+-------++-------
Melee: War axe           |    76 |    75 ||   151
  Use: Potion            |     1 |     1 ||     2
Armor: Scale mail        |    28 |    26 ||    54
       Chain mail        |       |     2 ||     2
Dodge: Dodged            |    26 |    49 ||    75
Block: Buckler           |    22 |    25 ||    47

Table legend: (Time is in decaauts)
 A = Elapsed time spent in this place.
 B = Non-inter-level travel time spent in this place.
 C = Inter-level travel time spent in this place.
 D = Time resting spent in this place.
 E = Time spent auto-exploring this place.
 F = Levels seen in this place.
 G = Mean time per level.
                   A        B        C        D        E       F      G
               +--------+--------+--------+--------+--------+-----+--------+
         Total |   2968 |   2853 |    115 |    571 |   1902 |   3 |  989.3 |
       Dungeon |   2968 |   2853 |    115 |    571 |   1902 |   3 |  989.3 |
               +--------+--------+--------+--------+--------+-----+--------+

Top non-repeatable levels by time:
     D:2: 1778 daAuts
     D:1: 1017 daAuts
     D:3: 172 daAuts
